 Dungeon Crawl Stone Soup version 0.31.0-32-g396128a36d (webtiles) character file.

Game seed: 15934964136296462140

66 Peloso the Trooper (level 3, 0/34 HPs)
             Began as a Minotaur Fighter on Mar 16, 2024.
             Slain by Grinder (2 damage)
             ... on level 3 of the Dungeon.
             The game lasted 00:02:15 (1574 turns).

Peloso the Trooper (Minotaur Fighter)               Turns: 1574, Time: 00:02:16

Health: 0/34       AC:  7    Str: 20    XL:     3   Next: 96%
Magic:  2/2        EV:  9    Int:  5    God:
Gold:   70         SH:  4    Dex: 11    Spells: 2/2 levels left

rFire   . . .        a - +0 long sword
rCold   . . .        c - +0 buckler
rNeg    . . .        b - +0 scale mail
rPois   .            (helmet restricted)
rElec   .            (no cloak)
rCorr   .            (no gloves)
SInv    .            (no boots)
Will    .....        (no amulet) Stlth
                     (no ring)
HPRegen 0.25/turn    (no ring)
MPRegen 0.08/turn

%: no passive effects
@: no status effects
A: horns 2, retaliatory headbutt
a: no special abilities


You were on level 3 of the Dungeon.
You visited 1 branch of the dungeon, and saw 3 of its levels.

You collected 70 gold pieces.

Inventory:

Hand Weapons
 a - a +0 long sword (weapon)
Armour
 b - a +0 scale mail (worn)
 c - a +0 buckler (worn)
Scrolls
 e - a scroll of poison {unknown}
 g - a scroll of revelation {unknown}
 h - a scroll of blinking {unknown}
 j - a scroll of teleportation {unknown}
 k - 3 scrolls of brand weapon {unknown}
 l - 4 scrolls of identify {unknown}
Potions
 d - 2 potions of might


   Skills:
 + Level 4.4 Fighting
 + Level 3.2 Long Blades
 + Level 4.1 Armour
 + Level 0.7 Dodging
 + Level 4.2 Shields


You had 2 spell levels left.
You didn't know any spells.
Your spell library contained the following spells:

 Spells                   Type           Power      Damage    Failure   Level
 Summon Small Mammal      Summ           0%         N/A       88%         1
 Call Canine Familiar     Summ           0%         N/A       99%         3
 Summon Blazeheart Golem  Fire/Summ      0%         N/A       100%        4


Dungeon Overview and Level Annotations

Branches:
Dungeon (3/15)

Altars:

Shops:
D:1 (

Annotations:
D:3 Grinder


Innate Abilities, Weirdness & Mutations

You have a pair of horns on your head.
You reflexively headbutt those who attack you in melee.


Message History

Grinder shouts!
You closely miss the goblin. The goblin hits you with a +0 club.
You slash the goblin!
You kill the goblin!
You hit Grinder but do no damage. Grinder gestures at you.
Pain shoots through your body!
You hit Grinder. Your headbutt misses Grinder.
Grinder is lightly wounded.
Grinder says, "You look like you could use a good racking."
Grinder closely misses you.
You hit Grinder but do no damage.
Grinder is lightly wounded.
Grinder barely misses you. You furiously retaliate!
You headbutt Grinder. You hit Grinder.
Grinder is lightly wounded.
Grinder gestures at you. Pain shoots through your body!
Grinder gestures at you. Pain shoots through your body!
* * * LOW HITPOINT WARNING * * *
You hit Grinder.
Grinder is moderately wounded.
Grinder closely misses you.
Unknown command.
You hit Grinder but do no damage.
Grinder is moderately wounded.
Grinder blinks!
Unknown command.
You see here a +0 club.
Unknown command.
You closely miss Grinder.
Grinder is moderately wounded.
Grinder hits you.
* * * LOW HITPOINT WARNING * * *
You writhe in agony.
* * * LOW HITPOINT WARNING * * *
Grinder hits you.
You die...
Grinder says, "Hey, I wasn't done torturing you yet!"

##### #.... ####
#....#####...# #
#....#.......#.#
#....#.......#.#
+...5@..........
#....#.......#
#....#.......#
#....#.......#
#....#...†..<#
######...)..##
#..........
#...........
#######......


You could see Grinder.

Vanquished Creatures
  An adder (D:3)
  3 dart slugs
  6 endoplasms
  4 giant cockroaches
  4 goblins
  2 hobgoblins (D:1)
  4 jackals (D:2)
  4 quokkas
  A ball python (D:1)
  6 bats (D:1)
  2 frilled lizards
  7 kobolds
  4 rats
48 creatures vanquished.

Notes
Turn   | Place    | Note
-------+----------+-------------------------------------------
     0 | D:1      | Peloso the Minotaur Fighter began the quest for the Orb.
     0 | D:1      | Reached XP level 1. HP: 19/19 MP: 0/0
   154 | D:1      | Found a transporter.
   156 | D:1      | Found Qyhed's Weapon Boutique.
   239 | D:1      | Reached XP level 2. HP: 27/27 MP: 1/1
   634 | D:1      | Found a transporter.
   959 | D:2      | Reached XP level 3. HP: 33/33 MP: 2/2
  1564 | D:3      | Noticed Grinder
  1574 | D:3      | Slain by Grinder

Illustrated notes

Levels and vault maps discovered:
D:1:      amcnicky_arrival_feature_with_door, layout_loops_ring, serial_shops,
          nicolae_shop_drivethru
D:2:      layout_basic, kennysheep_generic_room_13
D:3:      layout_basic, fedhas_ov_isle_minmay, uniq_grinder

Skill      XL: |  1  2  3 |
---------------+----------+-----
Shields        | 4 |  4.2
Fighting       | 4 |  4.4
Armour         | 4 |  4.1
Long Blades    | 3 |  3.2
Dodging        | |  0.7

Action                     || total
---------------------------++-------
  Melee: Long sword        ||   128
         Headbutt          ||    13
    Use: Potion            ||     2
 Armour: Scale mail        ||   121
  Dodge: Dodged            ||    67
  Block: Buckler           ||    32
